Map: Thunderbird LE

Players

Parkkatz

  • Race: Zerg Zerg
  • League: Platinum
  • Spawn Location: 5:00

RennerHalley - Winner!

  • Race: Protoss Protoss
  • League: Platinum
  • Spawn Location: 11:00

VOD

Have the link to the VOD?

Description

Time

  • Played on: July 4, 2019, 8:04 a.m.
  • Length: 6:48
Show
View Real Time Build Order
Export as new Build Order

Parkkatz Zerg 

Build Orders: Pool First 

Get SALT Encoding   

  12  0:01  Drone  
  13  0:13  Overlord  
  13  0:19  Drone  
  14  0:31  Drone x2  
  16  0:45  Drone  
  16  0:48  Drone  
  18  1:08  Spawning Pool  
  18  1:09  Drone  
  18  1:13  Drone  
  19  1:30  Extractor  
  18  1:33  Hatchery, Drone  
  18  1:34  Drone  
  19  1:45  Overlord  
  19  2:02  Queen  
  19  2:05  Zergling x2  
  19  2:06  Zergling x2  
  23  2:14  Zergling x2  
  23  2:38  Queen  
  23  2:41  Drone x2  
  27  2:49  Roach Warren  
  25  2:57  Drone  
  25  2:58  Drone  
  27  2:59  Queen  
  28  3:12  Spine Crawler  
  27  3:15  Spine Crawler  
  25  3:20  Spine Crawler  
  25  3:30  Spine Crawler  
  25  3:33  Zergling x6  
  27  3:44  Roach x2  
  27  3:45  Roach x2  
  35  4:01  Overlord x2  
  35  4:21  Roach  
  35  4:22  Ravager x3  
  40  4:27  Drone  
  40  4:28  Drone, Extractor  
  41  4:39  Drone x2  
  41  4:40  Drone  
  44  4:46  Ravager  
  45  5:01  Metabolic Boost  
  45  5:07  Overlord x2  
  42  5:23  Roach  
  44  5:33  Zergling x2  
  44  5:34  Zergling x10  
  50  5:46  Evolution Chamber  
  49  5:55  Roach  
  51  6:11  Baneling Nest  
  51  6:17  Roach x4  
Show
View Real Time Build Order
Export as new Build Order

RennerHalley Protoss - Winner!

Build Orders:  

Get SALT Encoding   

  12  0:14  Pylon  
  12  0:18  Probe  
  13  0:30  Probe  
  13  0:34  Forge  
  14  0:42  Probe  
  15  0:55  Probe  
  15  0:56  Pylon  
  15  1:03  Probe  
  16  1:06  Assimilator  
  17  1:13  Probe  
  17  1:17  Photon Cannon  
  18  1:30  Photon Cannon  
  18  1:34  Probe  
  19  1:47  Gateway, Probe  
  20  2:03  Pylon  
  20  2:10  Probe  
  20  2:11  Assimilator  
  22  2:22  Probe  
  22  2:35  Probe  
  23  2:45  Photon Cannon  
  23  2:47  Photon Cannon  
  23  2:58  Cybernetics Core  
  23  3:00  Probe  
  24  3:12  Probe  
  25  3:38  Robotics Facility  
  25  3:41  Robotics Facility  
  25  3:43  Shield Battery  
  25  3:46  Shield Battery  
  25  3:47  Shield Battery  
  25  4:03  Nexus  
  25  4:23  Probe  
  26  4:25  Assimilator  
  26  4:26  Warp Gate  
  26  4:27  Assimilator  
  26  4:31  Pylon  
  26  4:32  Immortal, Observer  
  26  4:35  Probe  
  32  4:46  Immortal  
  36  5:11  Shield Battery  
  36  5:24  Immortal  
  36  5:26  Probe  
  40  5:29  Probe  
  40  5:34  Probe  
  42  5:39  Pylon  
  42  5:41  Probe  
  44  5:53  Immortal  
  48  6:01  Stalker  
  50  6:16  Probe  
  50  6:18  Probe  
  56  6:28  Probe  
Tags
 
Add a new tag
Caveats
  • Supply blocks, unpowered buildings, or Contaminate may cause inaccurate times.
  • Supply counts are checked every 10 seconds.